 Dungeon Crawl Stone Soup version 0.28.0-1-gb440e238dd (webtiles) character file.

Game seed: 11064993029897830665

1420 sanka the Spear-Bearer (level 8, -2/52 HPs)
             Began as a Merfolk Conjurer on Feb 21, 2022.
             Was a Believer of Dithmenos.
             Killed from afar by an acid dragon (17 damage)
             ... with a splash of acid
             ... on level 5 of the Dungeon.
             The game lasted 00:07:42 (5604 turns).

sanka the Spear-Bearer (Merfolk Conjurer)           Turns: 5604, Time: 00:07:43

Health: -2/52      AC:  5    Str:  7    XL:     8   Next: 71%
Magic:  8/11       EV: 12    Int: 16    God:    Dithmenos [**....]
Gold:   161        SH:  0    Dex: 14    Spells: 8/11 levels left

rFire   + + .      SeeInvis .   o - +0 trident (venom)
rCold   + + +      Faith    .   (no shield)
rNeg    + . .      Spirit   .   w - +1 robe {rC+ rF+}
rPois   .          Reflect  .   i - +2 helmet
rElec   .          Harm     .   (no cloak)
rCorr   .          Rampage  .   (no gloves)
Will    .....                   k - +2 pair of boots "Miedahow" {rF+ rC+++ rN+ Int-2}
Stlth   ++........              (no amulet)
HPRegen 0.17/turn               (no ring)
MPRegen 0.12/turn               (no ring)

@: corroded, wreathed by umbra
A: (nimble swimmer 2), mertail
a: Renounce Religion, Shadow Step


You were on level 5 of the Dungeon.
You worshipped Dithmenos.
Dithmenos was pleased with you.
You visited 1 branch of the dungeon, and saw 5 of its levels.

You collected 161 gold pieces.

Inventory:

Hand Weapons
 b - a +0 dagger
 o - a +0 trident of venom (weapon)
Armour
 a - a +0 robe
 i - a +2 helmet (worn)
 k - the +2 pair of boots "Miedahow" (worn) {rF+ rC+++ rN+ Int-2}
   (You found it on level 2 of the Dungeon)

   Int:       It affects your intelligence (-2).
   rF:        It protects you from fire.
   rC:        It renders you almost immune to cold.
   rN:        It protects you from negative energy.
 w - a +1 robe of resistance (worn)
Jewellery
 m - a +6 ring of dexterity
Wands
 p - a wand of polymorph (10)
 u - a wand of mindburst (9)
 v - a wand of flame (1)
Scrolls
 d - a scroll of teleportation {unknown}
 n - a scroll of silence {unknown}
 q - a scroll of fear {unknown}
 r - a scroll of summoning {unknown}
 t - a scroll of torment {unknown}
 x - a scroll of identify {unknown}
Potions
 c - 2 potions of ambrosia {unknown}
 e - a potion of berserk rage {unknown}
 f - 3 potions of degeneration {unknown}
 g - 3 potions of might {unknown}
 h - a potion of invisibility {unknown}
 j - a potion of cancellation {unknown}
 l - a potion of heal wounds {unknown}
 s - 3 potions of brilliance {unknown}


   Skills:
 * Level 13.6 Polearms
 - Level 2.6 Dodging
 - Level 2.1 Stealth
 - Level 2.0 Spellcasting
 - Level 4.4 Conjurations


You had 8 spell levels left.
You knew the following spells:

 Your Spells              Type           Power      Damage    Failure   Level
a - Magic Dart            Conj           60%        1d6       3%          1
b - Searing Ray           Conj           30%        2d5       4%          2

Your spell library contained the following spells:

 Spells                   Type           Power      Damage    Failure   Level
 Animate Skeleton         Necr           2%         N/A       21%         1
 Apportation              Tloc           2%         N/A       21%         1
 Summon Small Mammal      Summ           4%         N/A       21%         1
 Dazzling Flash           Conj/Hex       16%        N/A       26%         3
 Fulminant Prism          Conj/Hex       4%         3d6       63%         4
 Iskenderun's Mystic Bla  Conj/Tloc      8%         2d4       63%         4


Dungeon Overview and Level Annotations

Branches:
Dungeon (5/15)             Temple (0/1) D:5

Altars:
Dithmenos

Shops:
D:3 (   D:4 (   D:5 *


Innate Abilities, Weirdness & Mutations

((You are very nimble when in or above water. (Stealth+, EV+, Speed+++)))
Your lower body shifts to a powerful aquatic tail in water.


Message History

You hit the necrophage.
The necrophage is almost destroyed.
The necrophage barely misses you.
You barely miss the necrophage.
The necrophage is almost destroyed.
The necrophage closely misses you.
You barely miss the necrophage.
The necrophage is almost destroyed.
You puncture the necrophage!
You destroy the necrophage!
Dithmenos accepts your kill.
No target in view!
You start resting.
Magic restored.
You see here a necrophage corpse.
x - a scroll labelled LECAZ FUDGHO You now have 140 gold pieces (gained 8).
Found a ring mail.
You now have 150 gold pieces (gained 10).
You now have 161 gold pieces (gained 11).
Found a robe and a hand axe.
An acid dragon comes into view.
Found an escape hatch in the ceiling.
The acid dragon spits acid at you. The splash of acid hits you!
The acid corrodes you!
The magic dart hits the acid dragon.
The acid dragon is lightly wounded.
The magic dart hits the acid dragon.
The acid dragon is moderately wounded.
The magic dart hits the acid dragon but does no damage.
The acid dragon is moderately wounded.
An adder comes into view.
The acid dragon spits acid at you. The splash of acid hits you!!
Ouch! That really hurt!
* * * LOW HITPOINT WARNING * * *
The adder hisses angrily.
The acid dragon spits acid at you. The splash of acid hits you!
You die...

.....##.##.......####.##.........
...#.##.#........................
.K...##.#......#.................
.....##.5........................
...5...K.####.#.#................
.................................
.........#...#.#.#......###......
...........#.......#...## #......
###......#...#.>@#...#.# #######
#........#.......#...#
#......#...#.#.#..[.##
#.[....#............#
......###.[..#.#.##..# .......#
#........D...# .......#
#.....#.[....# .......#
###...)......# ...(.........


You could see an acid dragon (catching breath).

Vanquished Creatures
  Pikel (D:4)
  An ice beast (D:5)
  2 ogres (D:5)
  2 necrophages
  2 lemures (D:4)
  A howler monkey (D:4)
  2 jellies (D:4)
  A bullfrog zombie (D:5)
  4 orc priests (D:4)
  A hound (D:4)
  2 iguanas (D:4)
  An orc wizard (D:4)
  A scorpion zombie (D:5)
  Ijyb (D:3)
  2 gnolls (D:3)
  6 adders
  A white imp (D:5)
  An adder skeleton (D:4)
  2 worms (D:3)
  3 dart slugs
  9 orcs
  4 bats
  6 endoplasms
  3 giant cockroaches
  6 goblins
  2 hobgoblins (D:2)
  5 ball pythons
  4 frilled lizards
  7 kobolds
  3 rats
86 creatures vanquished.

Notes
Turn   | Place    | Note
-------+----------+-------------------------------------------
     0 | D:1      | sanka the Merfolk Conjurer began the quest for the Orb.
     0 | D:1      | Reached XP level 1. HP: 13/13 MP: 3/3
   263 | D:1      | Reached XP level 2. HP: 19/19 MP: 0/5
   319 | D:1      | Learned a level 2 spell: Searing Ray
   741 | D:2      | Reached XP level 3. HP: 21/24 MP: 1/6
   954 | D:2      | Found a faded altar of an unknown god.
   977 | D:2      | Prayed at the altar of an unknown god.
   977 | D:2      | Became a worshipper of Dithmenos the Shadowed
   977 | D:2      | Reached * piety under Dithmenos
  1206 | D:2      | Identified the +2 pair of boots "Miedahow" {rF+ rC+++ rN+
                  | Int-2}
  1853 | D:3      | Noticed Ijyb
  1890 | D:3      | Killed Ijyb
  1891 | D:3      | Reached skill level 2 in Polearms
  1891 | D:3      | Reached XP level 4. HP: 19/30 MP: 7/7
  2057 | D:3      | Found Ihoqeluxt's Antique Weapon Boutique.
  2063 | D:3      | Reached skill level 3 in Polearms
  2311 | D:3      | Reached skill level 4 in Polearms
  2311 | D:3      | Reached XP level 5. HP: 35/35 MP: 8/8
  2518 | D:3      | Reached ** piety under Dithmenos
  2764 | D:4      | Reached skill level 5 in Polearms
  2783 | D:4      | HP: 1/35 [orc priest/nerve-wracking pain (4)]
  3094 | D:4      | Reached skill level 6 in Polearms
  3339 | D:4      | Reached XP level 6. HP: 18/41 MP: 3/9
  3544 | D:4      | Reached skill level 7 in Polearms
  3845 | D:4      | Found Tiuwkywe's Weapon Boutique.
  4012 | D:4      | Reached skill level 8 in Polearms
  4106 | D:4      | Reached XP level 7. HP: 37/46 MP: 8/10
  4537 | D:5      | Entered Level 5 of the Dungeon
  4568 | D:4      | Reached skill level 9 in Polearms
  4847 | D:5      | Reached skill level 10 in Polearms
  4867 | D:5      | Found a staircase to the Ecumenical Temple.
  4868 | D:5      | Noticed Pikel
  5221 | D:4      | Killed Pikel
  5222 | D:4      | Reached skill level 12 in Polearms
  5222 | D:4      | Reached XP level 8. HP: 25/52 MP: 11/11
  5402 | D:5      | Found Jealag's General Store.
  5477 | D:5      | Reached skill level 13 in Polearms
  5604 | D:5      | Killed from afar by an acid dragon

Illustrated notes

Levels and vault maps discovered:
D:1:      dpeg_arrival_castle, layout_rooms, minmay_misc_feat_enclosed,
          fountainhead
D:2:      layout_loops_cross, nicolae_ecumenical_lake_church,
          minmay_misc_feat_room, amcnicky_mini_rare_corridor_liquid
D:3:      layout_basic, serial_shops, nicolae_square_shop, st_stairs_2,
          serial_park_tiny_1, hex_tiny, corexii_hall_statues_i, uniq_ijyb
D:4:      nicolae_cairo_tiling_large_dashed, layout_cave_pods, serial_shops,
          nicolae_shop_stone
D:5:      layout_basic, minmay_temple_entry_sparse_star, gammafunk_ghost_hive,
          serial_shops, nicolae_shop_trees, grunt_ministairs_2,
          uniq_crazy_yiuf_cottage, uniq_pikel

Skill      XL: |  1  2  3  4  5  6  7  8 |
---------------+-------------------------+-----
Conjurations   | 4 |  4.4
Polearms       | 2 4 6 8 12 13 | 13.6
Dodging        | |  2.6
Stealth        | |  2.1
Spellcasting   | |  2.0

Action                   |  1- 3 |  4- 6 |  7- 9 || total
-------------------------+-------+-------+-------++-------
Melee: Dagger            |    33 |       |       ||    33
       Trident           |    10 |    80 |   127 ||   217
       Unarmed           |     8 |       |       ||     8
 Cast: Magic Dart        |    59 |    63 |    24 ||   146
Evoke: Wand              |       |       |     7 ||     7
 Stab: Sleeping          |       |     2 |       ||     2
Armor: Robe              |    14 |    16 |    33 ||    63
       Skin              |     1 |       |       ||     1
Dodge: Dodged            |    35 |    41 |    58 ||   134
